 Dungeon Crawl Stone Soup version 0.30.2 (webtiles) character file.

Game seed: 17353822296020784683

74 porpoise the Poker (level 4, 0/34 HPs)
             Began as a Demonspawn Gladiator on Feb 3, 2024.
             Succumbed to an adder's poison
             ... on level 2 of the Dungeon.
             The game lasted 00:03:08 (1000 turns).

porpoise the Poker (Demonspawn Gladiator)           Turns: 1000, Time: 00:03:09

Health: 0/34       AC:  3    Str: 22    XL:     4   Next: 10%
Magic:  4/4        EV: 12    Int:  9    God:
Gold:   27         SH:  0    Dex: 15    Spells: 1/3 levels left

rFire   . . .        a - +0 trident
rCold   . . .        (no shield)
rNeg    . . .        b - +0 leather armour
rPois   .            (helmet restricted)
rElec   .            (no cloak)
rCorr   .            (no gloves)
SInv    .            (no boots)
Will    .....        (no amulet)
Stlth   +            c - +6 ring of strength
HPRegen 0.25/turn    (no ring)
MPRegen 0.09/turn

%: no passive effects
@: lethally poisoned (0 -> -6)
A: antennae 1, claws 2
a: no special abilities


You were on level 2 of the Dungeon.
You visited 1 branch of the dungeon, and saw 2 of its levels.

You collected 27 gold pieces.

Inventory:

Hand Weapons
 a - a +0 trident (weapon)
Missiles
 d - 4 throwing nets (quivered)
Armour
 b - a +0 leather armour (worn)
Magical Staves
 i - a staff of air
Jewellery
 c - a +6 ring of strength (left claw)
Scrolls
 f - a scroll of fear {unknown}
 g - a scroll of butterflies {unknown}
 k - 2 scrolls of teleportation {unknown}
Potions
 h - a potion of attraction {unknown}
 j - a potion of magic {unknown}


   Skills:
 + Level 2.9 Fighting
 * Level 4.0 Polearms
 - Level 1.7 Throwing
 - Level 2.6 Dodging


You had one spell level left.
You knew the following spells:

 Your Spells              Type           Power      Damage    Failure   Level
w - Wereblood             Tmut           0%         N/A       56%         2

Your spell library contained the following spells:

 Spells                   Type           Power      Damage    Failure   Level
 Beastly Appendage        Tmut           0%         N/A       43%         1
 Spider Form              Tmut/Pois      0%         N/A       80%         3


Dungeon Overview and Level Annotations

Branches:
Dungeon (2/15)

Altars:


Innate Abilities, Weirdness & Mutations

You have a pair of small antennae on your head.
You have very sharp fingernails.


Message History

You barely miss the endoplasm.
The endoplasm is severely wounded.
The endoplasm freezes you.
You are frozen.
The endoplasm hits you but does no damage.
The endoplasm freezes you.
You are frozen.
You hit the endoplasm.
You kill the endoplasm!
The adder bites you.
You are poisoned.
The adder poisons you! The endoplasm misses you.
You barely miss the adder.
You feel sick. The adder bites you. The endoplasm closely misses you.
You miss the adder.
You feel sick. The adder bites you.
You are more poisoned.
The adder poisons you! The endoplasm freezes you.
You are frozen.
The adder closely misses you.
You are too injured to fight recklessly!
You are too injured to fight recklessly!
You are too injured to fight recklessly!
Unknown command.
You closely miss the adder.
You feel very sick. The adder bites you.
* * * LOW HITPOINT WARNING * * *
The endoplasm freezes you.
You are frozen.
* * * LOW HITPOINT WARNING * * *
You puncture the adder!
The adder is severely wounded.
* * * LOW HITPOINT WARNING * * *
You feel sick. The adder closely misses you. The endoplasm freezes you.
You are frozen.
* * * LOW HITPOINT WARNING * * *
You completely miss the adder.
The adder is severely wounded.
You die...

#...........# ...
#...........# ...
#...........#### #.#
#..............# #.#..#
...........##.# #.#..#
... .....##.# #.#..#
######J#####....###.##.#
......S@................
...........#..#####.#...
##............# ##.#...
#.#######..#.# #...... #
##.#.# #....#. #.#.#
#....'. #.#.# #....##
#...# #....# #....#


You could see an adder and an endoplasm.

Vanquished Creatures
  3 gnolls (D:2)
  2 dart slugs (D:1)
  4 bats
  6 endoplasms
  4 giant cockroaches (D:1)
  2 goblins (D:1)
  2 hobgoblins
  7 kobolds
  2 quokkas
  A ball python (D:1)
  4 frilled lizards
  3 rats (D:1)
40 creatures vanquished.

Notes
Turn   | Place    | Note
-------+----------+-------------------------------------------
     0 | D:1      | porpoise the Demonspawn Gladiator began the quest for the
                  | Orb.
     0 | D:1      | Reached XP level 1. HP: 16/16 MP: 1/1
    65 | D:1      | Reached skill level 3 in Polearms
    67 | D:1      | Discovered your monstrous ancestry.
    67 | D:1      | Gained mutation: You have sharp fingernails. [demonic
                  | ancestry]
    67 | D:1      | Reached XP level 2. HP: 22/22 MP: 2/2
   344 | D:1      | Gained mutation: You have very sharp fingernails. [demonic
                  | ancestry]
   344 | D:1      | Reached XP level 3. HP: 28/28 MP: 3/3
   676 | D:2      | Found a faded altar of an unknown god.
   692 | D:2      | Learned a level 2 spell: Wereblood
   753 | D:2      | Reached skill level 4 in Polearms
   926 | D:2      | Gained mutation: You have a pair of small antennae on your
                  | head. [demonic ancestry]
   926 | D:2      | Reached XP level 4. HP: 32/34 MP: 4/4
   999 | D:2      | HP: 1/34 [frozen (3)]
  1000 | D:2      | Succumbed to an adder's poison

Illustrated notes

Levels and vault maps discovered:
D:1:      psy_arrival_wood_between_worlds, layout_basic
D:2:      layout_basic, ebering_ecumenical_altar_webs

Skill      XL: |  1  2  3 |
---------------+----------+-----
Polearms       | 3 4 |  4.0
Fighting       | |  2.9
Throwing       | |  1.7
Dodging        | |  2.6

Action                     |  1- 3 |  4- 6 || total
---------------------------+-------+-------++-------
  Melee: Trident           |    92 |    22 ||   114
         Punch             |     1 |       ||     1
  Throw: Javelin           |     1 |       ||     1
 Armour: Leather armour    |    14 |     3 ||    17
  Dodge: Dodged            |    39 |    11 ||    50
